 Dungeon Crawl Stone Soup version 0.27-a0-457-gba82baf56e (webtiles) character file.

Game seed: 6134249964971824205

3170 Morbidden the Ruffian (level 9, -9/77 (83) HPs)
             Began as a Troll Transmuter on Feb 28, 2021.
             Was a Follower of Cheibriados.
             Mangled by an orc warrior
             ... wielding a +0 halberd
              (17 damage)
             ... on level 8 of the Dungeon.
             The game lasted 00:09:48 (7170 turns).

Morbidden the Ruffian (Troll Transmuter)            Turns: 7170, Time: 00:09:48

HP:   -9/77 (83)    AC:  5    Str: 19 (22) XL:     9   Next: 63%
MP:   0/13          EV: 15    Int: 13 (14) God:    Cheibriados [*.....]
Gold: 425           SH:  0    Dex: 10 (12) Spells: 10/14 levels left

rFire    . . .     SeeInvis .     - Unarmed
rCold    . . .     Faith    .   (no shield)
rNeg     . . .     Spirit   +   a - +0 robe
rPois    .         Reflect  .   (helmet currently unavailable)
rElec    .         Harm     .   o - +0 cloak
rCorr    .         Rampage  .   (gloves unavailable)
Will     .....                  (boots unavailable)
Stlth    +.........             l - amulet of guardian spirit
HPRegen  1.22/turn              y - +4 ring of evasion
MPRegen  0.13/turn              (no ring)

@: appendages, drained, very slow
A: large, unfitting armour, claws 3, horns 2, talons 3, regeneration 1,
screaming 1, shaggy fur 1, tough skin 1
a: End Transformation, Renounce Religion, Bend Time


You were on level 8 of the Dungeon.
You worshipped Cheibriados.
Cheibriados was aware of your devotion.
You had grown temporary horns.
You had grown temporary talons.
You visited 2 branches of the dungeon, and saw 9 of its levels.

You collected 425 gold pieces.

Inventory:

Hand Weapons
 m - a +0 short sword
Missiles
 b - 5 curare-tipped darts
 c - 5 silver javelins
 i - 47 poisoned darts (quivered)
 n - 80 stones
 t - 6 boomerangs
Armour
 a - a +0 robe (worn)
 o - a +0 cloak (worn)
Jewellery
 l - an amulet of guardian spirit (around neck)
 y - a +4 ring of evasion (left claw)
Wands
 x - a wand of acid (15)
Scrolls
 d - 2 scrolls of noise {unknown}
 f - a scroll of immolation {unknown}
 g - 2 scrolls of fear {unknown}
 j - 2 scrolls of teleportation {unknown}
 k - a scroll of magic mapping {unknown}
 q - 3 scrolls of enchant armour {unknown}
 v - a scroll of enchant weapon {unknown}
 z - 3 scrolls of blinking {unknown}
 A - 4 scrolls of identify {unknown}
 B - a scroll of torment {unknown}
 D - a scroll of vulnerability {unknown}
 E - a scroll of fog {unknown}
Potions
 e - a potion of might
 h - a potion of resistance {unknown}
 p - a potion of mutation
 r - a potion of cancellation {unknown}
 s - a potion of degeneration
 u - 3 potions of haste {unknown}
 w - 5 potions of curing {unknown}
 C - 2 potions of attraction {unknown}


   Skills:
 * Level 3.6 Fighting
 + Level 2.8 Throwing
 * Level 5.5 Dodging
 + Level 1.1 Stealth
 + Level 7.6 Unarmed Combat
 * Level 3.3 Spellcasting
 * Level 3.5 Transmutations
 * Level 2.1 Poison Magic
 * Level 1.3 Invocations


You had 10 spell levels left.
You knew the following spells:

 Your Spells              Type           Power        Failure   Level
a - Beastly Appendage     Tmut           22%          5%          1
b - Spider Form           Tmut/Pois      4%           21%         3

Your spell library contained the following spells:

 Spells                   Type           Power        Failure   Level
 Wereblood                Tmut           11%          8%          2
 Confusing Touch          Hex            2%           54%         3
 Gell's Gravitas          Tloc           1%           54%         3
 Ice Form                 Ice/Tmut       6%           71%         4
 Petrify                  Tmut/Erth      6%           71%         4
 Blade Hands              Tmut           5%           82%         5
 Yara's Violent Unravell  Hex/Tmut       3%           96%         5
 Metabolic Englaciation   Hex/Ice        1%           99%         5


Dungeon Overview and Level Annotations

Branches:
Dungeon (8/15)             Temple (1/1) D:6
   Lair: D:8-11

Altars:
Ashenzari
Cheibriados
Dithmenos
Elyvilon
Fedhas
Gozag
Hepliaklqana
Kikubaaqudgha
Okawaru
Qazlal
Ru
Sif Muna
Trog
Uskayaw
Vehumet
Wu Jian
Xom
Yredelemnul
Zin
The Shining One

Shops:
D:7 *

Annotations:
D:4 2 runed translucent doors, mojasp's ghost, amateur OgWr
D:6 3 runed translucent doors, anet's ghost, novice GnHu


Innate Abilities, Weirdness & Mutations

You are too large for most types of armour.
You have claws for hands.
Your natural rate of healing is unusually fast.
You are covered in fur. (AC +1)
You have tough skin. (AC +1)
You have a pair of horns on your head.
You have claws for feet.
You occasionally shout uncontrollably at your foes.


Message History

The wight barely misses you. The orc warrior closely misses you.
Unknown command.
You claw the orc warrior!
The orc warrior is heavily wounded.
The wight closely misses you.
The wight hits you from afar with a +0 spear.
* * * LOW HITPOINT WARNING * * *
You feel drained. The wight misses you.
The orc warrior hits you with a +0 halberd!
* * * LOW HITPOINT WARNING * * *
Unknown command.
Unknown command.
You barely miss the orc warrior. You headbutt the orc warrior.
The orc warrior is severely wounded.
The wight barely misses you. The wight closely misses you.
Unknown command.
Unknown command.
Unknown command.
Unknown command.
Unknown command.
Unknown command.
Unknown command.
Unknown command.
Unknown command.
Unknown command.
Okay, then.
It was a potion of mutation.
You feel extremely strange.
You feel the urge to shout.
Your feet stretch into talons.
The wight barely misses you. The orc warrior barely misses you.
The wight barely misses you. The wight closely misses you.
Unknown command.
It was a potion of degeneration.
There was something very wrong with that liquid.
You feel weakened.
You feel dopey.
You feel clumsy.
The wight hits you from afar with a +2 halberd.
* * * LOW HITPOINT WARNING * * *
You feel drained.
* * * LOW HITPOINT WARNING * * *
The orc warrior hits you with a +0 halberd!!
You die...

#.#.#.##.##.#
#...<.##.##.#
###.#.##....#
#.#.##.#####
+.........># #
#.#.##.###.#.#
#.#.##.......# #
..#.#####.####.#
..#@....#.#....#
#....zo####.#......#
#....zz #.....#..#
#...(.o ####### #
#...... #.##.## . #.
#.


You could see an orc warrior, 3 wights and an orc.

Vanquished Creatures
  Sigmund (D:5)
  Eustachio (D:6)
  Duvessa (D:5)
  2 orc warriors
  2 sky beasts
  A black bear (D:8)
  3 centaurs
  5 ogres
  4 bullfrogs
  Dowan (D:5)
  2 jellies
  6 killer bees (D:7)
  A wight (D:8)
  2 howler monkeys
  A bullfrog zombie (D:6)
  A hound (D:5)
  An orc priest (D:7)
  3 centaur skeletons
  2 iguanas
  9 orc wizards
  3 worker ants
  Ijyb (D:4)
  4 gnolls (D:3)
  11 adders
  A shadow imp (D:5)
  2 white imps
  2 ufetubi
  2 oozes
  An adder zombie (D:6)
  3 worms
  3 dart slugs (D:1)
  5 leopard geckos
  26 orcs
  6 bats
  4 giant cockroaches
  7 goblins
  11 hobgoblins
  16 jackals
  3 quokkas
  8 frilled lizards
  4 kobolds
  A quokka skeleton (D:6)
  7 rats
180 creatures vanquished.

Notes
Turn   | Place    | Note
-------+----------+-------------------------------------------
     0 | D:1      | Morbidden the Troll Transmuter began the quest for the Orb.
     0 | D:1      | Reached XP level 1. HP: 18/18 MP: 1/1
   213 | D:1      | Reached XP level 2. HP: 26/26 MP: 2/2
   470 | D:1      | Reached skill level 1 in Fighting
   508 | D:1      | Reached XP level 3. HP: 31/33 MP: 4/4
  1031 | D:2      | Found a hide-covered altar of Uskayaw.
  1231 | D:2      | Reached skill level 4 in Unarmed Combat
  1231 | D:2      | Reached XP level 4. HP: 41/41 MP: 5/5
  1521 | D:3      | Noticed an ogre
  1538 | D:3      | Killed an ogre
  1539 | D:3      | Reached XP level 5. HP: 27/48 MP: 6/6
  2067 | D:3      | Reached XP level 6. HP: 31/57 MP: 3/7
  2560 | D:4      | Reached skill level 1 in Throwing
  2560 | D:4      | Reached skill level 5 in Unarmed Combat
  2695 | D:4      | Found a large runed translucent door.
  2697 | D:4      | Found a large runed translucent door.
  2697 | D:4      | Noticed mojasp's ghost (amateur OgWr)
  2749 | D:4      | Noticed Ijyb
  2868 | D:4      | Found an iron altar of Okawaru.
  2923 | D:4      | Reached XP level 7. HP: 32/66 MP: 3/9
  3193 | D:4      | Killed Ijyb
  3624 | D:5      | Entered Level 5 of the Dungeon
  4293 | D:5      | Noticed Dowan
  4294 | D:5      | Noticed Duvessa
  4315 | D:5      | Killed Duvessa
  4316 | D:5      | Reached XP level 8. HP: 32/74 MP: 4/10
  4320 | D:5      | Killed Dowan
  4439 | D:5      | Noticed Sigmund
  4451 | D:5      | Killed Sigmund
  4452 | D:5      | Reached skill level 6 in Unarmed Combat
  4698 | D:6      | Learned a level 3 spell: Spider Form
  4723 | D:6      | Found a runed translucent gate.
  4724 | D:6      | Found a runed translucent gate.
  4725 | D:6      | Found a runed translucent gate.
  5015 | D:6      | Reached skill level 1 in Poison Magic
  5210 | D:6      | Noticed Eustachio
  5219 | D:6      | Noticed anet's ghost (novice GnHu)
  5237 | D:6      | Killed Eustachio
  5238 | D:6      | Reached skill level 7 in Unarmed Combat
  5347 | D:6      | Reached XP level 9. HP: 63/83 MP: 7/12
  5386 | D:6      | Found a staircase to the Ecumenical Temple.
  5391 | Temple   | Entered the Ecumenical Temple
  6010 | D:7      | Reached skill level 5 in Dodging
  6035 | D:7      | Found Hasawycirr's General Store.
  6343 | D:7      | Found a snail-covered altar of Cheibriados.
  6355 | D:7      | Found a shimmering blue altar of Sif Muna.
  6486 | D:7      | Became a worshipper of Cheibriados the Contemplative
  6494 | D:7      | Found a glowing silver altar of Zin.
  6496 | D:7      | Found a hazy altar of Hepliaklqana.
  6499 | D:7      | Found a bloodstained altar of Trog.
  6500 | D:7      | Found a snail-covered altar of Cheibriados.
  6666 | D:7      | Reached skill level 1 in Stealth
  6758 | D:7      | Reached skill level 1 in Invocations
  6885 | D:7      | Reached * piety under Cheibriados
  7169 | D:8      | Gained mutation: You occasionally shout uncontrollably at
                  | your foes. [potion of mutation]
  7169 | D:8      | Gained mutation: You have claws for feet. [potion of
                  | mutation]
  7170 | D:8      | Mangled by an orc warrior

Illustrated notes

Levels and vault maps discovered:
D:1:      sevenhm_arrival_forest_fort_large_4, layout_basic,
          amcnicky_mini_corridor_feature
D:2:      layout_basic, nicolae_overflow_crystal_walls
D:3:      layout_basic
D:4:      layout_basic, kennysheep_mini, ebering_ghost_disaster_area, uniq_ijyb
D:5:      layout_basic, hangedman_decor_points, uniq_duvessa, uniq_sigmund
D:6:      layout_gridville, minmay_temple_entry_ruins, gammafunk_ghost_icy,
          kennysheep_small_circle, uniq_eustachio
D:7:      layout_loops_ring, minitemple, basic_altar, serial_shops,
          nicolae_shop_statue_plus
D:8:      layout_basic, nemelex_xobeh_ov_fountains_minmay,
          guppyfry_early_elven_hall
Temple:   oiseaux_autumnal_temple

Skill      XL: |  1  2  3  4  5  6  7  8  9 |
---------------+----------------------------+-----
Fighting       | 1 2 3 |  3.6
Dodging        | 2 3 4 5 |  5.5
Unarmed Combat | 4 5 7 |  7.6
Transmutations | 2 3 |  3.5
Throwing       | 1 2 |  2.8
Spellcasting   | 2 3 |  3.3
Poison Magic   | 1 2 |  2.1
Stealth        | 1 |  1.1
Invocations    | 1 |  1.3

Action                   |  1- 3 |  4- 6 |  7- 9 || total
-------------------------+-------+-------+-------++-------
Melee: Unarmed           |   125 |   122 |   347 ||   594
       Punch             |       |     1 |     1 ||     2
       Kick              |       |       |     1 ||     1
       Headbutt          |       |       |     1 ||     1
Throw: Dart              |     4 |    22 |    38 ||    64
 Cast: Beastly Appendage |       |       |     2 ||     2
Evoke: Wand              |       |       |     2 ||     2
  Use: Scroll            |       |       |     2 ||     2
       Potion            |       |       |     3 ||     3
 Stab: Sleeping          |       |       |     1 ||     1
Armor: Robe              |    34 |    38 |   125 ||   197
Dodge: Dodged            |    56 |    91 |   328 ||   475

Table legend: (Time is in decaauts)
 A = Elapsed time spent in this place.
 B = Non-inter-level travel time spent in this place.
 C = Inter-level travel time spent in this place.
 D = Time resting spent in this place.
 E = Time spent auto-exploring this place.
 F = Levels seen in this place.
 G = Mean time per level.
                   A        B        C        D        E       F      G
               +--------+--------+--------+--------+--------+-----+--------+
         Total |   7259 |   6891 |    368 |    186 |   5224 |   9 |  806.6 |
       Dungeon |   6912 |   6582 |    330 |    186 |   4918 |   8 |  864.0 |
        Temple |    346 |    308 |     38 |      0 |    306 |   1 |  346.0 |
               +--------+--------+--------+--------+--------+-----+--------+

Top non-repeatable levels by time:
     D:7: 1175 daAuts
     D:4: 1126 daAuts
     D:6: 1038 daAuts
     D:5: 978 daAuts
     D:3: 976 daAuts
     D:1: 825 daAuts
     D:2: 672 daAuts
  Temple: 346 daAuts
     D:8: 119 daAuts
